 Dungeon Crawl Stone Soup version 0.29-a0-577-gafbf2c5d25 (webtiles) character file.

Game seed: 16913113027610015418

3676 valliere the Cleaver (level 10, -1/90 HPs)
             Began as a Hill Orc Fighter on June 13, 2022.
             Was a Priest of Beogh.
             Slain by a killer bee (8 damage)
             ... on level 7 of the Dungeon.
             The game lasted 00:18:02 (7181 turns).

valliere the Cleaver (Hill Orc Fighter)             Turns: 7181, Time: 00:18:02

Health: -1/90      AC: 11    Str: 30    XL:     10   Next: 13%
Magic:  12/16      EV:  9    Int:  8    God:    Beogh [***...]
Gold:   392        SH: 11    Dex: 16    Spells: 9/9 levels left

rFire   . . .      SeeInvis .   a - +0 war axe
rCold   . . .      Faith    .   c - +0 buckler
rNeg    + . .      Spirit   .   D - +0 scale mail {rN+}
rPois   .          Reflect  +   s - +0 helmet
rElec   .          Harm     .   (no cloak)
rCorr   .          Rampage  .   t - +0 pair of gloves
Will    .....                   l - +0 pair of boots
Stlth   ..........              m - amulet of reflection
HPRegen 0.25/turn               h - +6 ring of strength
MPRegen 0.15/turn               e - +6 ring of dexterity

@: lethally poisoned (-1 -> -11), unable to read
A: deterioration 1, high MP 1, inability to read while threatened
a: Renounce Religion, Smiting


You were on level 7 of the Dungeon.
You worshipped Beogh.
Beogh was most pleased with you.
You visited 1 branch of the dungeon, and saw 7 of its levels.

You collected 392 gold pieces.

Inventory:

Hand Weapons
 a - a +0 war axe (weapon)
Missiles
 A - 2 throwing nets (quivered)
Armour
 b - a +0 scale mail
 c - a +0 buckler (worn)
 l - a +0 pair of boots (worn)
 s - a +0 helmet (worn)
 t - a +0 pair of gloves (worn)
 D - a +0 scale mail of positive energy (worn)
Jewellery
 e - a +6 ring of dexterity (right hand)
 h - a +6 ring of strength (left hand)
 m - an amulet of reflection (around neck)
 F - a ring of see invisible
Wands
 z - a wand of flame (26)
 E - a wand of mindburst (13)
Scrolls
 d - a scroll of summoning {unknown}
 f - a scroll of vulnerability {unknown}
 i - 3 scrolls of enchant weapon
 j - 3 scrolls of teleportation
 o - 2 scrolls of magic mapping
 p - 2 scrolls of fog
 q - a scroll of noise {unknown}
 u - a scroll of immolation {unknown}
 y - a scroll of brand weapon {unknown}
 C - a scroll of blinking {unknown}
 G - 3 scrolls of enchant armour {unknown}
Potions
 g - a potion of lignification {unknown}
 k - 2 potions of brilliance
 n - 2 potions of mutation
 r - 3 potions of degeneration
 v - a potion of ambrosia
 w - 2 potions of attraction {unknown}
 x - a potion of magic {unknown}
 B - a potion of haste {unknown}


   Skills:
 + Level 8.7 Fighting
 * Level 12.4 Axes
 + Level 6.0 Armour
 + Level 6.0 Shields
 * Level 6.8 Invocations


You had 9 spell levels left.
You didn't know any spells.
Your spell library contained the following spells:

 Spells                   Type           Power      Damage    Failure   Level
 Necrotize                Necr           0%         1d4       73%         1
 Sandblast                Erth           0%         2d4       73%         1
 Passwall                 Tmut/Erth      0%         N/A       86%         2
 Scorch                   Fire           0%         2d5       86%         2
 Call Canine Familiar     Summ           0%         N/A       97%         3
 Ignite Poison            Fire/Tmut/Pois 0%         N/A       97%         3
 Mephitic Cloud           Conj/Pois/Air  0%         N/A       97%         3
 Portal Projectile        Hex/Tloc       0%         N/A       97%         3
 Stone Arrow              Conj/Erth      0%         3d7       97%         3
 Vampiric Draining        Necr           0%         2d6       97%         3
 Flame Wave               Conj/Fire      0%         2d4       100%        4
 Leda's Liquefaction      Hex/Erth       0%         N/A       100%        4
 Agony                    Necr           0%         N/A       100%        5
 Freezing Cloud           Conj/Ice/Air   0%         6-21      100%        5
 Summon Cactus Giant      Summ           0%         N/A       100%        6


Dungeon Overview and Level Annotations

Branches:
Dungeon (7/15)             Temple (0/1) D:6

Altars:
Nemelex Xobeh
Okawaru
Sif Muna
Trog
Vehumet
Yredelemnul

Annotations:
D:3 3 runed translucent doors, DocClef's ghost, weakling DrDe
D:4 Edmund


Innate Abilities, Weirdness & Mutations

Your body sometimes deteriorates upon taking damage.
You have an increased reservoir of magic. (+10% MP)
You sometimes lose the ability to read scrolls when taking damage.


Message History

You are too injured to fight recklessly!
Okay, then.
You slice the killer bee!!
You kill the killer bee!
Beogh accepts your kill.
You closely miss the killer bee. You hit the killer bee.
You feel very sick. You block the killer bee's attack.
The killer bee stings you.
* * * LOW HITPOINT WARNING * * *
You block the killer bee's attack. The killer bee barely misses you.
Your Armour skill increases to level 6!
You barely miss the killer bee.
The killer bee is heavily wounded.
You miss the killer bee.
* * * LOW HITPOINT WARNING * * *
You feel very sick. The killer bee stings you.
* * * LOW HITPOINT WARNING * * *
The killer bee stings you but does no damage.
You block the killer bee's attack. The killer bee stings you.
* * * LOW HITPOINT WARNING * * *
It was a potion of mutation.
You feel extremely strange.
You lose the ability to read scrolls when threatened.
You feel yourself wasting away.
You feel more energetic.
* * * LOW HITPOINT WARNING * * *
You feel very sick. You block the killer bee's attack. x2
The killer bee stings you but does no damage.
The killer bee barely misses you.
Aiming: Smiting
Press: ? - help, Dir - move target, f - killer bee Smite: a killer bee (heavily wounded)
You smite the killer bee!!
You kill the killer bee!
Beogh accepts your kill.
* * * LOW HITPOINT WARNING * * *
You feel very sick. The killer bee stings you!
You feel threatened and lose the ability to read scrolls!
You die...

..#...........#
..#..........######
..#..........##...##
.##...##......#....#
.#######......#....#
..#...##.....##....
..#...##.....# ..)
..#...)......###†###
..#..........##†@y.#
#####'##...........# #####
###...##...........# ##...#
.#....#............# #....#
.#....#............# #....#
.'...[#......##...## #....#
####+###.....##....#######...#
###...##...........#....##...#
..#...............#..........#


You could see a killer bee.

Vanquished Creatures
  5 yaks (D:7)
  A steam dragon (D:4)
  3 ice beasts
  3 black bears
  A sky beast (D:6)
  5 ogres
  3 centaurs
  A phantom (D:6)
  A kobold brigand (D:5)
  A necrophage (D:6)
  A gnoll sergeant (D:7)
  4 scorpions (D:5)
  A bullfrog (D:6)
  5 killer bees (D:7)
  3 jellies
  A hound (D:5)
  2 orc priests
  A gnoll shaman (D:6)
  3 iguanas
  9 orc wizards
  8 gnolls
  6 adders
  A white imp (D:6)
  4 ufetubi
  3 worms
  3 dart slugs
  20 orcs
  4 bats
  An endoplasm (D:6)
  2 giant cockroaches
  3 goblins
  6 hobgoblins
  5 quokkas
  8 ball pythons
  3 frilled lizards
  29 kobolds
  5 rats
165 creatures vanquished.

Vanquished Creatures (others)
  4 plants (D:5)
4 creatures vanquished.

Grand Total: 169 creatures vanquished

Notes
Turn   | Place    | Note
-------+----------+-------------------------------------------
     0 | D:1      | valliere the Hill Orc Fighter began the quest for the Orb.
     0 | D:1      | Reached XP level 1. HP: 19/19 MP: 1/1
    83 | D:1      | Reached skill level 3 in Axes
   369 | D:1      | Reached XP level 2. HP: 26/27 MP: 2/2
   711 | D:1      | Found a faded altar of an unknown god.
   968 | D:2      | Reached skill level 4 in Axes
  1099 | D:2      | Reached XP level 3. HP: 33/33 MP: 3/3
  1293 | D:2      | Found a bloodstained altar of Trog.
  1592 | D:3      | Reached XP level 4. HP: 40/41 MP: 4/4
  1698 | D:3      | Reached skill level 5 in Axes
  1717 | D:3      | Found a runed translucent gate.
  1717 | D:3      | Found a runed translucent gate.
  1717 | D:3      | Found a runed translucent gate.
  1718 | D:3      | Noticed DocClef's ghost (weakling DrDe)
  2124 | D:3      | Reached XP level 5. HP: 44/47 MP: 5/5
  2329 | D:3      | Became a worshipper of Beogh the Brigand
  3024 | D:4      | Reached skill level 5 in Fighting
  3024 | D:4      | Reached skill level 6 in Axes
  3296 | D:4      | Reached XP level 6. HP: 51/56 MP: 6/6
  3298 | D:4      | Noticed a black bear
  3304 | D:4      | Reached skill level 7 in Axes
  3314 | D:4      | Killed a black bear
  3594 | D:4      | Noticed Edmund
  3642 | D:4      | Reached * piety under Beogh
  3643 | D:4      | Reached skill level 8 in Axes
  3643 | D:4      | Reached XP level 7. HP: 31/63 MP: 7/7
  3952 | D:4      | Noticed a steam dragon
  3971 | D:4      | Killed a steam dragon
  4281 | D:5      | Entered Level 5 of the Dungeon
  4326 | D:5      | Reached skill level 9 in Axes
  4437 | D:5      | Reached XP level 8. HP: 63/71 MP: 8/8
  4526 | D:5      | Reached skill level 10 in Axes
  4575 | D:5      | Found an iron altar of Okawaru.
  4583 | D:5      | Found a radiant altar of Vehumet.
  4835 | D:5      | Reached ** piety under Beogh
  5174 | D:6      | Found a staircase to the Ecumenical Temple.
  5190 | D:6      | Found a sparkling altar of Nemelex Xobeh.
  5212 | D:6      | Reached skill level 1 in Invocations
  5275 | D:6      | Found a basalt altar of Yredelemnul.
  5383 | D:6      | Reached XP level 9. HP: 25/80 MP: 9/11
  5671 | D:6      | Reached skill level 11 in Axes
  5735 | D:6      | Reached skill level 5 in Shields
  5869 | D:6      | Reached skill level 5 in Armour
  5957 | D:6      | Found a shimmering blue altar of Sif Muna.
  6527 | D:7      | Reached skill level 5 in Invocations
  6936 | D:7      | Reached *** piety under Beogh
  7010 | D:7      | Reached skill level 12 in Axes
  7016 | D:7      | Reached XP level 10. HP: 57/90 MP: 13/15
  7180 | D:7      | Gained mutation: You sometimes lose the ability to read
                  | scrolls when taking damage. [potion of mutation]
  7180 | D:7      | Gained mutation: Your body sometimes deteriorates upon
                  | taking damage. [potion of mutation]
  7180 | D:7      | Gained mutation: You have an increased reservoir of magic.
                  | (+10% MP) [potion of mutation]
  7181 | D:7      | Slain by a killer bee

Illustrated notes

Levels and vault maps discovered:
D:1:      lightli_arrival_lavapool, layout_basic,
          shapermc_ecumenical_altar_petra
D:2:      layout_basic, basic_altar
D:3:      layout_loops_ring, serial_co_window_serial, co_window_paths_a,
          co_window_corner_a, co_window_paths_a, co_window_of_opportunity_a,
          co_window_of_opportunity_a, co_window_broadway_b,
          co_window_of_opportunity_c, co_window_corner_b, co_window_broadway_a,
          co_window_4corner_b, co_window_4corner_a, gammafunk_ghost_necromancy,
          nicolae_elevator_lobby_asterisk
D:4:      layout_basic, lemuel_crystal_altar, uniq_edmund
D:5:      kennysheep_kobold_camp, layout_rooms, amethyst_overflow_temple_binary
D:6:      layout_cave_pools, lemuel_crystal_altar, mainiacjoe_overflow_paths,
          nemelex_dance_club_becter, minmay_temple_entry_proselytizer
D:7:      layout_gridville

Skill      XL: |  1  2  3  4  5  6  7  8  9 10 |
---------------+-------------------------------+-----
Axes           | 3 4 5 6 8 9 10 12 | 12.4
Fighting       | 4 5 6 7 8 |  8.7
Armour         | 4 5 6 |  6.0
Shields        | 4 5 6 |  6.0
Invocations    | 2 6 |  6.8

Action                   |  1- 3 |  4- 6 |  7- 9 | 10-12 || total
-------------------------+-------+-------+-------+-------++-------
Melee: War axe           |    80 |   120 |   247 |    11 ||   458
Invok: Convert to Beogh  |       |     1 |       |       ||     1
       Smiting           |       |       |       |     1 ||     1
  Use: Potion            |       |     2 |       |     1 ||     3
       Scroll            |       |       |     6 |       ||     6
Armor: Scale mail        |    47 |    33 |    97 |     5 ||   182
Dodge: Dodged            |    46 |    35 |    94 |     6 ||   181
Block: Buckler           |    18 |    54 |   118 |    21 ||   211
       Reflection        |       |     1 |     5 |       ||     6

Table legend: (Time is in decaauts)
 A = Elapsed time spent in this place.
 B = Non-inter-level travel time spent in this place.
 C = Inter-level travel time spent in this place.
 D = Time resting spent in this place.
 E = Time spent auto-exploring this place.
 F = Levels seen in this place.
 G = Mean time per level.
                   A        B        C        D        E       F      G
               +--------+--------+--------+--------+--------+-----+--------+
         Total |   7240 |   7082 |    158 |    359 |   5483 |   7 | 1034.3 |
       Dungeon |   7240 |   7082 |    158 |    359 |   5483 |   7 | 1034.3 |
               +--------+--------+--------+--------+--------+-----+--------+

Top non-repeatable levels by time:
     D:3: 1748 daAuts
     D:6: 1145 daAuts
     D:4: 983 daAuts
     D:7: 899 daAuts
     D:1: 873 daAuts
     D:5: 854 daAuts
     D:2: 735 daAuts
